 Dungeon Crawl Stone Soup version 0.17.1-3-g152610e (webtiles) character file.

534 kaze the Ducker (level 7, -7/67 HPs)
             Began as a Troll Fighter on Feb 26, 2016.
             Was a Follower of Trog.
             Mangled by an orc
             ... wielding a +0 war axe
              (11 damage)
             ... on level 5 of the Dungeon.
             The game lasted 00:11:32 (3107 turns).

kaze the Ducker (Troll Fighter)                     Turns: 3107, Time: 00:11:32

Health: -7/67      AC:  5    Str: 27    XL:     7   Next: 4%
Magic:  15/15      EV:  9    Int:  4    God:    Trog [*.....]
Gold:   197        SH:  9    Dex:  9    Spells: 0 memorised, 6 levels left

rFire  . . .     SeeInvis .     g - +3 mace
rCold  . . .     Clarity  .     b - +0 robe
rNeg   . . .     SustAt   .     c - +0 shield
rPois  .         Gourm    +     (helmet restricted)
rElec  .         Spirit   .     (no cloak)
rCorr  .         Warding  .     (gloves unavailable)
rMut   .         Stasis   +     (boots unavailable)
MR     .....                    v - amulet of stasis
Stlth  +.........               (no ring)
                                t - ring of magical power

@: not resistant to hostile enchantments, very unstealthy
A: unfitting armour, claws 3, fast metabolism 3, gourmand, regeneration 2,
shaggy fur 1, tough skin 2
a: Berserk, Burn Spellbooks, Renounce Religion


You were on level 5 of the Dungeon.
You worshipped Trog.
Trog was aware of your devotion.
You were very full.

You visited 1 branch of the dungeon, and saw 5 of its levels.

You collected 197 gold pieces.

Inventory:

Hand Weapons
 a - a +0 war axe
 g - a +3 mace (weapon)
Armour
 b - a +0 robe (worn)
 c - a +0 shield (worn)
Jewellery
 t - a ring of magical power (left claw)
 v - an amulet of stasis (around neck)
Scrolls
 i - a scroll of amnesia
 l - a scroll of enchant armour {unknown}
 m - a scroll of teleportation
 q - 2 scrolls of remove curse
 w - a scroll of immolation {unknown}
Potions
 d - 2 potions of might
 h - 3 potions of mutation {unknown}
 j - 2 potions of cancellation {unknown}
 o - 2 potions of invisibility {unknown}
 p - a potion of haste {unknown}
 r - a potion of cure mutation {unknown}
 s - a potion of agility {unknown}
 x - a potion of curing {unknown}
Miscellaneous
 f - a plain deck of summoning
Comestibles
 e - 3 bread rations
 k - a slice of pizza
 n - 2 meat rations


   Skills:
 + Level 3.5 Fighting
 + Level 2.0(2.2) Axes
 + Level 1.5(2.2) Maces & Flails
 + Level 5.0 Dodging
 + Level 0.7 Stealth
 + Level 3.4 Shields


You had 6 spell levels left.
You didn't know any spells.

Dungeon Overview and Level Annotations

Branches:
Dungeon (5/15)             Temple (0/1) D:5

Altars:
Cheibriados
Dithmenos
Nemelex Xobeh
Okawaru
Trog
Yredelemnul
The Shining One

Shops:
D:5 (


Innate Abilities, Weirdness & Mutations

You are too large for most types of armour.
You have claws for hands.
Your metabolism is lightning-fast.
You like to eat raw meat.
You heal very quickly.
You are covered in fur (AC +1).
You have very tough skin (AC +2).


Message History

The orc hits you but does no damage. The orc hits you with a mace!
* * * LOW HITPOINT WARNING * * *
You block the orc's attack.
The orc throws a tomahawk.
The tomahawk hits you.
* * * LOW HITPOINT WARNING * * *
You cannot go berserk while under stasis.
You barely miss the orc. The orc barely misses you. You block the orc's attack.
You block the orc's attack. The orc hits you with a war axe!
* * * LOW HITPOINT WARNING * * *
You hit the orc.
The orc is lightly wounded.
You block the orc's attack. The orc misses you. You block the orc's attack.
The orc closely misses you.
You hit the orc.
The orc is moderately wounded.
The orc hits you but does no damage. The orc hits you.
* * * LOW HITPOINT WARNING * * *
The orc hits you with a mace.
* * * LOW HITPOINT WARNING * * *
The orc hits you with a war axe!
You die...

####.......#.....#.............#,
..##.......#...).#.............#,
...........'.....#.......>.....#,
...........#.....#.............#,
...........#.....#.............#,
...........#.....#.............#,
..##########.....#'#####..##...#*
..#.......######.o....##..###+###
..#....(..#....#@o....#..........
..#.......#....#oo....#..........
..#.......#....#......#..........
..#.......#....#......##..##...##
..+.†.....#....#.......#..##...##
..#)).....#....'.......#.......#.
###.......#....#..<....#.......#.
..........#....#.......#.......+.
.........###'###..)....######+###


You could see 4 orcs.

Vanquished Creatures
  Edmund (D:5)
  A phantom (D:4)
  A centaur (D:5)
  A crimson imp (D:5)
  A hound (D:5)
  An orc priest (D:5)
  An orc wizard (D:5)
  4 adders
  2 oozes
  An adder skeleton (D:4)
  A worm (D:3)
  3 giant geckos
  8 orcs
  4 giant cockroaches
  2 hobgoblins (D:1)
  10 jackals
  8 kobolds
  4 quokkas
  11 bats
  6 giant newts
  2 goblins (D:1)
  A goblin zombie (D:4)
  A kobold skeleton (D:4)
  12 rats
87 creatures vanquished.

Notes
Turn   | Place    | Note
--------------------------------------------------------------
     0 | D:1      | kaze the Troll Fighter began the quest for the Orb.
     0 | D:1      | Reached XP level 1. HP: 22/22 MP: 0/0
    91 | D:1      | Reached XP level 2. HP: 27/29 MP: 1/1
   103 | D:1      | Found a sparkling altar of Nemelex Xobeh.
   613 | D:1      | Reached XP level 3. HP: 36/36 MP: 2/2
   657 | D:1      | Reached skill level 3 in Dodging
  1371 | D:2      | Noticed a moth of wrath
  1375 | D:2      | Found a bloodstained altar of Trog.
  1412 | D:2      | Became a worshipper of Trog the Wrathful
  1497 | D:3      | Reached XP level 4. HP: 35/44 MP: 3/3
  1564 | D:3      | Found a snail-covered altar of Cheibriados.
  1625 | D:3      | Found a glowing golden altar of the Shining One.
  1926 | D:3      | Reached * piety under Trog
  2230 | D:4      | Found a runed door.
  2230 | D:4      | Noticed a human
  2250 | D:4      | Found a basalt altar of Yredelemnul.
  2311 | D:4      | Noticed a phantom
  2313 | D:4      | Found an iron altar of Okawaru.
  2313 | D:4      | Found a shadowy altar of Dithmenos.
  2363 | D:4      | Killed a phantom
  2363 | D:4      | Reached skill level 4 in Dodging
  2363 | D:4      | Reached XP level 5. HP: 35/53 MP: 4/4
  2383 | D:4      | You fall through a shaft!
  2383 | D:5      | Entered Level 5 of the Dungeon
  2402 | D:5      | Reached XP level 6. HP: 61/61 MP: 5/5
  2477 | D:5      | Noticed a centaur
  2494 | D:5      | Killed a centaur
  2494 | D:5      | Reached skill level 1 in Maces & Flails
  2669 | D:5      | Found a staircase to the Ecumenical Temple.
  2690 | D:5      | Noticed Edmund
  2705 | D:5      | Killed Edmund
  2921 | D:5      | Reached skill level 5 in Dodging
  2987 | D:5      | Found Jizxaps's Antique Weapon Boutique.
  3103 | D:5      | Reached XP level 7. HP: 35/67 MP: 6/6
  3107 | D:5      | Mangled by an orc

Action                   |  1- 3 |  4- 6 |  7- 9 || total
-------------------------+-------+-------+-------++-------
Melee: War axe           |    75 |       |       ||    75
       Mace              |    40 |   135 |     4 ||   179
  Use: Scroll            |     6 |     1 |       ||     7
  Eat: Chunk             |    15 |    18 |       ||    33
